 Dungeon Crawl Stone Soup version 0.17.0-28-g6e173f8 (webtiles) character file.

871 gorblad the Fighter (level 7, -5/62 HPs)
             Began as a Mummy Fighter on Dec 4, 2015.
             Splashed by a jelly's acid (9 damage)
             ... on level 5 of the Dungeon.
             The game lasted 00:10:33 (4530 turns).

gorblad the Fighter (Mummy Fighter)                 Turns: 4530, Time: 00:10:33

Health: -5/62      AC: -2    Str: 21    XL:     7   Next: 73%
Magic:  7/7        EV:  2    Int:  7    God:
Gold:   261        SH:  9    Dex: 12    Spells: 0 memorised, 6 levels left

rFire  x . .     SeeInvis .     a - +0 long sword
rCold  + . .     Clarity  .     b - +0 scale mail
rNeg   + + +     SustAt   .     c - +0 shield
rPois  ∞         Gourm    .     (no helmet)
rElec  .         Spirit   .     m - +1 cloak
rCorr  .         Warding  .     g - +0 pair of gloves
rMut   .         Stasis   .     (no boots)
MR     .....                    d - amulet of faith
Stlth  ..........               (no ring)
                                (no ring)

@: corroded equipment, not resistant to hostile enchantments, extremely
unstealthy
A: no food or potions, fire vulnerability, cold resistance 1, negative energy
resistance 3, torment resistance, unbreathing
a: no special abilities


You were on level 5 of the Dungeon.
You were not hungry.

You visited 1 branch of the dungeon, and saw 5 of its levels.
You also visited: Ossuary.

You collected 261 gold pieces.

Inventory:

Hand Weapons
 a - a +0 long sword (weapon)
Armour
 b - a +0 scale mail (worn)
 c - a +0 shield (worn)
 g - a +0 pair of gloves (worn)
 j - a +0 shield
 m - a +1 cloak (worn)
Jewellery
 d - an amulet of faith (around neck)
Wands
 h - a wand of random effects (8)
Scrolls
 e - 2 scrolls of teleportation
 f - 2 scrolls of identify
 i - 2 scrolls of remove curse
 k - a scroll of enchant weapon {unknown}
 o - a scroll of immolation


   Skills:
 - Level 8.2 Fighting
 - Level 4.0 Long Blades
 - Level 2.4 Armour
 + Level 2.4 Shields


You had 6 spell levels left.
You didn't know any spells.

Dungeon Overview and Level Annotations

Branches:
Dungeon (5/15)
 Temple: D:4-7

Altars:
Kikubaaqudgha
Qazlal


Innate Abilities, Weirdness & Mutations

You do not eat or drink.
Your flesh is vulnerable to fire.
You are immune to poison.
Your flesh is cold resistant.
You are immune to negative energy.
You are immune to unholy pain and torment.
You can survive without breathing.


Message History

You hit the jelly but do no damage.
Your hands burn!
The iguana bites you. You block the jelly's attack.
You block the iguana's attack.
You slash the jelly! The acid corrodes you!
Your hands burn!
The jelly is severely wounded.
You block the jelly's attack. The iguana bites you.
The jelly closely misses you.
You hit the jelly.
Your hands burn!
The jelly is almost dead.
The iguana closely misses you. The jelly hits you.
* * * LOW HITPOINT WARNING * * *
You are splashed with acid!
The acid burns!
* * * LOW HITPOINT WARNING * * *
You are too injured to fight recklessly!
There is an escape hatch in the ceiling here.
The iguana bites you.
* * * LOW HITPOINT WARNING * * *
The jelly hits you.
* * * LOW HITPOINT WARNING * * *
You are splashed with acid!
The acid corrodes you!
The acid burns!
You die...

#.# #.# ####.# # ..##.# ..
##.##.#######
.#.###..##.........#
.........#.######..# .
......Jl##.#.......# # .
.......@............ ##.
...................# .. #
.(.#....#....#.....# ##.# .
...................#
........#..#.....#..........#
##.#....#.$......#..........#
........ ......>..........#.#
###...# ..#..........###.# #
# ...# .. ..........###.#.


You could see an iguana and a jelly.

Vanquished Creatures
  2 ogres
  2 elf zombies (Ossuary)
  A centaur zombie (Ossuary)
  A human zombie (Ossuary)
  3 hounds
  An orc wizard (D:5)
  A centaur skeleton (D:4)
  3 worker ants (D:4)
  2 big kobold zombies (Ossuary)
  3 mummies (Ossuary)
  2 hound zombies (Ossuary)
  9 adders
  An ooze (D:3)
  5 adder zombies (Ossuary)
  3 worms
  4 orcs
  7 bats
  A giant cockroach (D:3)
  9 goblins
  4 hobgoblins
  14 jackals
  6 kobolds
  3 quokkas
  A ball python (D:3)
  A giant gecko (D:5)
  3 giant newts
  9 goblin zombies (Ossuary)
  3 hobgoblin zombies (Ossuary)
  A jackal zombie (Ossuary)
  2 kobold zombies (Ossuary)
  An orc zombie (Ossuary)
  A quokka zombie (Ossuary)
  5 rats
  3 rat zombies (Ossuary)
117 creatures vanquished.

Notes
Turn   | Place    | Note
--------------------------------------------------------------
     0 | D:1      | gorblad the Mummy Fighter began the quest for the Orb.
     0 | D:1      | Reached XP level 1. HP: 18/18 MP: 1/1
   137 | D:1      | Reached XP level 2. HP: 24/24 MP: 2/2
   806 | D:2      | Reached XP level 3. HP: 27/30 MP: 3/3
  1008 | D:2      | Reached skill level 4 in Fighting
  1195 | D:3      | Reached XP level 4. HP: 37/37 MP: 4/4
  1252 | D:3      | Found a stormy altar of Qazlal.
  1858 | D:4      | Reached XP level 5. HP: 15/43 MP: 5/5
  1995 | D:4      | Found a sand-covered staircase.
  2000 | Ossuary  | Entered an ossuary
  2191 | Ossuary  | Reached skill level 5 in Fighting
  2197 | Ossuary  | Reached XP level 6. HP: 39/51 MP: 6/6
  2827 | Ossuary  | Reached skill level 6 in Fighting
  2872 | Ossuary  | Reached XP level 7. HP: 42/59 MP: 7/7
  3025 | D:4      | Noticed an ogre
  3036 | D:4      | Killed an ogre
  3036 | D:4      | Reached skill level 7 in Fighting
  3645 | D:5      | Entered Level 5 of the Dungeon
  3700 | D:5      | Found an ancient bone altar of Kikubaaqudgha.
  4347 | D:5      | Reached skill level 8 in Fighting
  4530 | D:5      | Splashed by a jelly's acid

Action                   |  1- 3 |  4- 6 |  7- 9 || total
-------------------------+-------+-------+-------++-------
Melee: Long sword        |   147 |   288 |   123 ||   558
  Use: Scroll            |     1 |     3 |     9 ||    13
